SNL (28 & UNDER)
NEW HAMPSHIRE FISHER CATS @ WEST VIRGINIA POWER
10/01/2025
 
TOP OF THE 1ST
New Hampshire Fisher Cats batting - Pitching for West Virginia Power : RHP Xavier Castañera
Pitching: RHP Xavier Castañera
Batting: LHB Wilson Torres 0-0: Fly out, F5 (Popup, 5SF)
Batting: SHB Ken Hernández 0-0: Called Strike
0-1: Fly out, F7 (Flyball, 78M)
Batting: LHB Tony Rivera 0-0: Called Strike
0-1: Ball
1-1: Ball
2-1: Foul Ball, location: 2F
2-2: Foul Ball, location: 2F
2-2: Ball
3-2: Fly out, F7 (Flyball, 7D)
Top of the 1st over - 0 run(s), 0 hit(s), 0 error(s), 0 left on base; New Hampshire 0 - West Virginia 0
BOTTOM OF THE 1ST
West Virginia Power batting - Pitching for New Hampshire Fisher Cats : LHP Sergio Vargas
Pitching: LHP Sergio Vargas
Batting: LHB Júlio Martínez 0-0: Fly out, F3 (Line Drive, 3L)
Batting: LHB Héctor Cruz 0-0: Swinging Strike
0-1: Ball
1-1: SINGLE (Groundball, 34S)
Batting: RHB Ben Dougherty 0-0: Called Strike
0-1: SINGLE (Line Drive, 89S)
Héctor Cruz to second
Batting: RHB Gonzalo Gil 0-0: Ball
1-0: Ball
2-0: Ball
3-0: Base on Balls
Héctor Cruz to third
Ben Dougherty to second
Batting: RHB Dave McGrath 0-0: Ball
1-0: Grounds into double play, 1-2-3 (Groundball, 3S)
Bottom of the 1st over - 0 run(s), 2 hit(s), 0 error(s), 2 left on base; New Hampshire 0 - West Virginia 0
TOP OF THE 2ND
New Hampshire Fisher Cats batting - Pitching for West Virginia Power : RHP Xavier Castañera
Batting: RHB Anthony Hezell 0-0: Foul Ball, location: 2F
0-1: Swinging Strike
0-2: Ground out 1-3 (Groundball, 23)
Batting: LHB Cam Flowers 0-0: Ball
1-0: Called Strike
1-1: Foul Ball, location: 2F
1-2: Strikes out looking
Batting: RHB Felipe Rivas 0-0: Ball
1-0: Called Strike
1-1: Called Strike
1-2: Ball
2-2: Ball
3-2: Foul Ball, location: 2F
3-2: Strikes out swinging
Top of the 2nd over - 0 run(s), 0 hit(s), 0 error(s), 0 left on base; New Hampshire 0 - West Virginia 0
BOTTOM OF THE 2ND
West Virginia Power batting - Pitching for New Hampshire Fisher Cats : LHP Sergio Vargas
Batting: RHB Jesse McKnight 0-0: Ground out 5-3 (Groundball, 5)
Batting: RHB Tony Parker 0-0: Ball
1-0: Swinging Strike
1-1: Ground out 1-3 (Groundball, 23)
Batting: RHB Mike Ingram 0-0: SINGLE (Line Drive, 56D)
Batting: LHB Lúcio Anaya 0-0: Ball
1-0: Foul Ball, location: 2F
1-1: Ball
2-1: Called Strike
2-2: Ball
3-2: Strikes out looking
Bottom of the 2nd over - 0 run(s), 1 hit(s), 0 error(s), 1 left on base; New Hampshire 0 - West Virginia 0
TOP OF THE 3RD
New Hampshire Fisher Cats batting - Pitching for West Virginia Power : RHP Xavier Castañera
Batting: LHB Héctor Rentería 0-0: Foul Ball, location: 2F
0-1: Ball
1-1: TRIPLE (Flyball, 9LM)
Batting: RHB Franklin Lawrence 0-0: Called Strike
0-1: DOUBLE (Flyball, 8RM)
Héctor Rentería scores
Batting: RHB Tim Robertson Balk!
Franklin Lawrence to third
0-0: Swinging Strike
0-1: Foul Ball, location: 2F
0-2: Fly out, F8 (Flyball, 8RM)
Runner from 3rd tags up, SCORES, no throw
Batting: LHB Wilson Torres 0-0: Ball
1-0: Fly out, F7 (Flyball, 78D)
Batting: SHB Ken Hernández 0-0: Ball
1-0: Ball
2-0: Called Strike
2-1: SINGLE (Flyball, 7LM)
Batting: LHB Tony Rivera 0-0: Ball
Ken Hernández steals 2nd base
1-0: Fly out, F6 (Popup, 6MD)
Top of the 3rd over - 2 run(s), 3 hit(s), 0 error(s), 1 left on base; New Hampshire 2 - West Virginia 0
BOTTOM OF THE 3RD
West Virginia Power batting - Pitching for New Hampshire Fisher Cats : LHP Sergio Vargas
Batting: LHB Júlio Martínez 0-0: Called Strike
0-1: Swinging Strike
0-2: Ball
1-2: Foul Ball, location: 2F
1-2: SINGLE (Flyball, 78S)
Batting: LHB Héctor Cruz 0-0: Ball
1-0: Ball
2-0: Grounds out, U3 (Groundball, 3L)
Batting: RHB Ben Dougherty 0-0: Ball
1-0: SINGLE (Groundball, 6MD)
Júlio Martínez to third
Batting: RHB Gonzalo Gil 0-0: Ball
1-0: Ball
2-0: Called Strike
2-1: Called Strike
2-2: Ball
3-2: Foul Ball, location: 2F
3-2: Grounds into double play, 6-4-3 (Groundball, 6)
Bottom of the 3rd over - 0 run(s), 2 hit(s), 0 error(s), 1 left on base; New Hampshire 2 - West Virginia 0
TOP OF THE 4TH
New Hampshire Fisher Cats batting - Pitching for West Virginia Power : RHP Xavier Castañera
Batting: RHB Anthony Hezell 0-0: Ball
1-0: Swinging Strike
1-1: Foul Ball, location: 2F
1-2: Ground out 5-3 (Groundball, 56)
Batting: LHB Cam Flowers 0-0: Ball
1-0: Called Strike
1-1: Swinging Strike
1-2: Foul Ball, location: 2F
1-2: Strikes out looking
Batting: RHB Felipe Rivas 0-0: SINGLE (Groundball, 5D)
Batting: LHB Héctor Rentería 0-0: Ball
1-0: 2-RUN HOME RUN (Flyball, 89XD), Distance : 430 ft
Batting: RHB Franklin Lawrence 0-0: Called Strike
0-1: Ground out 4-3 (Groundball, 34)
Top of the 4th over - 2 run(s), 2 hit(s), 0 error(s), 0 left on base; New Hampshire 4 - West Virginia 0
BOTTOM OF THE 4TH
West Virginia Power batting - Pitching for New Hampshire Fisher Cats : LHP Sergio Vargas
Batting: RHB Dave McGrath 0-0: Called Strike
0-1: Ball
1-1: Foul Ball, location: 2F
1-2: Foul Ball, location: 2F
1-2: Foul Ball, location: 2F
1-2: Ball
2-2: Fly out, F5 (Popup, 15S)
Batting: RHB Jesse McKnight 0-0: Ball
1-0: Swinging Strike
1-1: Called Strike
1-2: Strikes out swinging
Batting: RHB Tony Parker 0-0: Ball
1-0: Ball
2-0: Ball
3-0: Base on Balls
Batting: RHB Mike Ingram 0-0: Called Strike
0-1: Ball
1-1: Foul Ball, location: 2F
1-2: Strikes out swinging
Bottom of the 4th over - 0 run(s), 0 hit(s), 0 error(s), 1 left on base; New Hampshire 4 - West Virginia 0
TOP OF THE 5TH
New Hampshire Fisher Cats batting - Pitching for West Virginia Power : RHP Xavier Castañera
Batting: RHB Tim Robertson 0-0: Called Strike
0-1: Ball
1-1: Ground out 4-3 (Groundball, 4)
Batting: LHB Wilson Torres 0-0: Ball
1-0: Swinging Strike
1-1: Ball
2-1: Swinging Strike
2-2: Foul Ball, location: 2F
2-2: Foul Ball, location: 2F
2-2: Strikes out swinging
Batting: SHB Ken Hernández 0-0: Ball
1-0: Ball
2-0: Ball
3-0: Called Strike
3-1: Fly out, F8 (Flyball, 8LM)
Top of the 5th over - 0 run(s), 0 hit(s), 0 error(s), 0 left on base; New Hampshire 4 - West Virginia 0
BOTTOM OF THE 5TH
West Virginia Power batting - Pitching for New Hampshire Fisher Cats : LHP Sergio Vargas
Batting: LHB Lúcio Anaya 0-0: Bunt for hit - play at first, batter safe!
Batting: LHB Júlio Martínez 0-0: SINGLE (Groundball, 4M)
Lúcio Anaya to second
Runner from 2nd tries for 3rd, SAFE, no throw or cutoff
Batting: LHB Héctor Cruz 0-0: Called Strike
0-1: Ball
1-1: Called Strike
1-2: Foul Ball, location: 2F
1-2: SINGLE (Flyball, 9LM)
Lúcio Anaya scores
Júlio Martínez to second
Throwing error, E9
Júlio Martínez scores
Héctor Cruz to second
Batting: RHB Ben Dougherty 0-0: Called Strike
0-1: Ball
1-1: Foul Ball, location: 2F
1-2: Ball
2-2: SINGLE (Groundball, 6D)
Héctor Cruz to third
Batting: RHB Gonzalo Gil 0-0: Called Strike
0-1: SINGLE (Flyball, 78S)
Héctor Cruz scores
Ben Dougherty to second
Batting: RHB Dave McGrath 0-0: Called Strike
0-1: Ball
1-1: Foul Ball, location: 2F
1-2: Fly out, F8 (Flyball, 8LD)
Runner from 2nd tags up, SAFE at 3rd with throw
Batting: RHB Jesse McKnight 0-0: Ball
1-0: SINGLE (Groundball, 56) (infield hit)
Ben Dougherty scores
Gonzalo Gil to second
Batting: RHB Tony Parker 0-0: Ball
1-0: Ball
2-0: Fly out, F8 (Flyball, 8RM)
Batting: RHB Mike Ingram 0-0: Called Strike
0-1: Ball
1-1: Foul Ball, location: 2F
1-2: Strikes out looking
Bottom of the 5th over - 4 run(s), 6 hit(s), 1 error(s), 2 left on base; New Hampshire 4 - West Virginia 4
TOP OF THE 6TH
New Hampshire Fisher Cats batting - Pitching for West Virginia Power : RHP Xavier Castañera
Batting: LHB Tony Rivera 0-0: Ball
1-0: Ball
2-0: Swinging Strike
2-1: Swinging Strike
2-2: Foul Ball, location: 2F
2-2: Foul Ball, location: 2F
2-2: Ball
3-2: Ground out U3 (Groundball, 3S)
Batting: RHB Anthony Hezell 0-0: Called Strike
0-1: Ball
1-1: Fly out, F9 (Flyball, 89D)
Batting: LHB Cam Flowers 0-0: Called Strike
0-1: Ground out 3-1 (Groundball, 34S)
Top of the 6th over - 0 run(s), 0 hit(s), 0 error(s), 0 left on base; New Hampshire 4 - West Virginia 4
BOTTOM OF THE 6TH
West Virginia Power batting - Pitching for New Hampshire Fisher Cats : LHP Sergio Vargas
Batting: LHB Lúcio Anaya 0-0: Bunted foul
0-1: Foul Ball, location: 2F
0-2: Ball
1-2: Foul Ball, location: 2F
1-2: Strikes out looking
Batting: LHB Júlio Martínez 0-0: Ball
1-0: Swinging Strike
1-1: Ball
2-1: SINGLE (Line Drive, 8RS)
Pitching: RHP Gustavo Rodríguez
Batting: LHB Héctor Cruz 0-0: Called Strike
0-1: Ball
1-1: Called Strike
Júlio Martínez steals 2nd base
1-2: Strikes out swinging
Batting: RHB Ben Dougherty 0-0: Called Strike
0-1: Ball
1-1: Ground out 6-3 (Groundball, 6S)
Bottom of the 6th over - 0 run(s), 1 hit(s), 0 error(s), 1 left on base; New Hampshire 4 - West Virginia 4
TOP OF THE 7TH
New Hampshire Fisher Cats batting - Pitching for West Virginia Power : RHP Xavier Castañera
Pitching: LHP Edmond Summers
Batting: RHB Felipe Rivas 0-0: Fly out, F7 (Flyball, 7D)
Batting: LHB Héctor Rentería 0-0: Called Strike
0-1: Ball
1-1: Foul Ball, location: 2F
1-2: Strikes out looking
Pinch Hitting: RHB Michael Kent 0-0: Ball
1-0: Foul Ball, location: 2F
1-1: Swinging Strike
1-2: Ball
2-2: Strikes out swinging
Top of the 7th over - 0 run(s), 0 hit(s), 0 error(s), 0 left on base; New Hampshire 4 - West Virginia 4
BOTTOM OF THE 7TH
West Virginia Power batting - Pitching for New Hampshire Fisher Cats : RHP Gustavo Rodríguez
Now at 3B: Roberto Gonzáles
Pinch Hitting: SHB Waylon Adams 0-0: Called Strike
0-1: Ball
1-1: Ball
2-1: Foul Ball, location: 2F
2-2: Ball
3-2: Base on Balls
Batting: RHB Dave McGrath 0-0: Fly out, F6 (Line Drive, 6)
Batting: RHB Jesse McKnight 0-0: Ball
1-0: Ball
2-0: Ball
3-0: Base on Balls
Waylon Adams to second
Pinch Hitting: RHB Will Lott 0-0: Ball
1-0: Ball
2-0: Foul Ball, location: 2F
2-1: Called Strike
2-2: Foul Ball, location: 2F
2-2: Fly out, F3 (Popup, 13)
Pinch Hitting: LHB Héctor Soto 0-0: Foul Ball, location: 2F
0-1: Foul Ball, location: 2F
0-2: Ball
1-2: Foul Ball, location: 2F
1-2: Foul Ball, location: 2F
1-2: Ball
2-2: Ball
3-2: Foul Ball, location: 2F
3-2: Foul Ball, location: 2F
3-2: Base on Balls
Waylon Adams to third
Jesse McKnight to second
Pitching: RHP Troy Bannon
Batting: LHB Lúcio Anaya 0-0: Called Strike
0-1: Swinging Strike
0-2: Ball
1-2: Foul Ball, location: 2F
1-2: Strikes out swinging
Bottom of the 7th over - 0 run(s), 0 hit(s), 0 error(s), 3 left on base; New Hampshire 4 - West Virginia 4
TOP OF THE 8TH
New Hampshire Fisher Cats batting - Pitching for West Virginia Power : LHP Edmond Summers
Now at 3B: Ron Guillén
Now at SS: Aaron Murray
Now in CF: Héctor Soto
Batting: RHB Tim Robertson 0-0: Ball
1-0: Called Strike
1-1: Foul Ball, location: 2F
1-2: Strikes out swinging
Pinch Hitting: RHB Si-xun Li 0-0: Called Strike
0-1: Ball
1-1: Swinging Strike
1-2: Ball
2-2: Strikes out looking
Batting: SHB Ken Hernández 0-0: Ball
1-0: Called Strike
1-1: Ball
2-1: Foul Ball, location: 2F
2-2: Fly out, F4 (Popup, 4MD)
Top of the 8th over - 0 run(s), 0 hit(s), 0 error(s), 0 left on base; New Hampshire 4 - West Virginia 4
BOTTOM OF THE 8TH
West Virginia Power batting - Pitching for New Hampshire Fisher Cats : RHP Troy Bannon
Now in CF: Si-xun Li
Batting: LHB Júlio Martínez 0-0: Ground out 6-3 (Groundball, 6M)
Batting: LHB Héctor Cruz 0-0: Ball
1-0: Ground out 1-3 (Groundball, 13S)
Batting: RHB Ben Dougherty 0-0: Ball
1-0: Called Strike
1-1: Fly out, F8 (Flyball, 8LXD)
Bottom of the 8th over - 0 run(s), 0 hit(s), 0 error(s), 0 left on base; New Hampshire 4 - West Virginia 4
TOP OF THE 9TH
New Hampshire Fisher Cats batting - Pitching for West Virginia Power : LHP Edmond Summers
Pitching: RHP Mike Frank
Batting: LHB Tony Rivera 0-0: Ball
1-0: Foul Ball, location: 2F
1-1: Ball
2-1: SINGLE (Flyball, 8LS)
Batting: RHB Anthony Hezell 0-0: Foul Ball, location: 2F
0-1: Ball
1-1: Ball
2-1: Foul Ball, location: 2F
2-2: Foul Ball, location: 2F
2-2: Strikes out swinging
Batting: LHB Cam Flowers 0-0: Ball
1-0: Called Strike
1-1: Ball
2-1: Grounds into double play, 5-4-3 (Groundball, 56)
Top of the 9th over - 0 run(s), 1 hit(s), 0 error(s), 0 left on base; New Hampshire 4 - West Virginia 4
BOTTOM OF THE 9TH
West Virginia Power batting - Pitching for New Hampshire Fisher Cats : RHP Troy Bannon
Pitching: RHP Alberto Márquez
Pinch Hitting: RHB Len Burke 0-0: Ball
1-0: Swinging Strike
1-1: Fly out, F7 (Flyball, 78XD)
Batting: RHB Dave McGrath 0-0: Ball
1-0: Called Strike
1-1: Foul Ball, location: 2F
1-2: Strikes out looking
Batting: RHB Jesse McKnight 0-0: Called Strike
0-1: Swinging Strike
0-2: Ball
1-2: Strikes out swinging
Bottom of the 9th over - 0 run(s), 0 hit(s), 0 error(s), 0 left on base; New Hampshire 4 - West Virginia 4
TOP OF THE 10TH
New Hampshire Fisher Cats batting - Pitching for West Virginia Power : RHP Mike Frank
Now at 3B: Jesse Moore
Batting: RHB Felipe Rivas 0-0: Fly out, F4 (Popup, 34)
Batting: LHB Héctor Rentería 0-0: Foul Ball, location: 2F
0-1: Ball
1-1: Ball
2-1: Fly out, F9 (Flyball, 9M)
Pinch Hitting: SHB Lester Olsen 0-0: Ball
1-0: Ball
2-0: Foul Ball, location: 2F
2-1: Foul Ball, location: 2F
2-2: Foul Ball, location: 2F
2-2: Fly out, F6 (Line Drive, 6)
Top of the 10th over - 0 run(s), 0 hit(s), 0 error(s), 0 left on base; New Hampshire 4 - West Virginia 4
BOTTOM OF THE 10TH
West Virginia Power batting - Pitching for New Hampshire Fisher Cats : RHP Alberto Márquez
Now at 3B: Lester Olsen
Pinch Hitting: RHB Lance Wolf 0-0: Called Strike
0-1: Fly out, F4 (Line Drive, 4)
Batting: LHB Héctor Soto 0-0: Ball
1-0: Swinging Strike
1-1: Foul Ball, location: 2F
1-2: Strikes out swinging
Batting: LHB Lúcio Anaya 0-0: Called Strike
0-1: Ball
1-1: Ball
2-1: Ball
3-1: Fly out, F7 (Flyball, 7M)
Bottom of the 10th over - 0 run(s), 0 hit(s), 0 error(s), 0 left on base; New Hampshire 4 - West Virginia 4
TOP OF THE 11TH
New Hampshire Fisher Cats batting - Pitching for West Virginia Power : RHP Mike Frank
Pitching: RHP Brad Flores
Now at 3B: Lance Wolf
Pinch Hitting: RHB Benjamin Lawson 0-0: SINGLE (Flyball, 9S)
Batting: RHB Si-xun Li 0-0: Ball
1-0: Called Strike
1-1: Fly out, F7 (Flyball, 78M)
Batting: SHB Ken Hernández 0-0: Ball
1-0: Grounds into double play, 4-6-3 (Groundball, 4)
Top of the 11th over - 0 run(s), 1 hit(s), 0 error(s), 0 left on base; New Hampshire 4 - West Virginia 4
BOTTOM OF THE 11TH
West Virginia Power batting - Pitching for New Hampshire Fisher Cats : RHP Alberto Márquez
Pitching: RHP Ron Scott
Now at C: Keith Gratton
Batting: LHB Júlio Martínez 0-0: Swinging Strike
0-1: Foul Ball, location: 2F
0-2: Ball
1-2: Foul Ball, location: 2F
1-2: Ball
2-2: Strikes out swinging
Batting: LHB Héctor Cruz 0-0: Fly out, F2 (Popup, 2L)
Batting: RHB Ben Dougherty 0-0: SOLO HOME RUN (Line Drive, 7D), Distance : 382 ft
This league is powered by Out of the Park Baseball, the baseball management simulation game for PC, Mac and Linux
Tuesday, August 2nd, 2016 - OOTP Baseball 16.8 Build 38